 Dungeon Crawl Stone Soup version 0.32-a0-160-g465344b4ef (webtiles) character file.

Game seed: 9243020043232938458

2 Velcatt the Trooper (level 1, 24/24 HPs)
             Began as an Oni Berserker on Sept 23, 2023.
             Was a Follower of Trog.
             Quit the game on level 1 of the Dungeon on Feb 11, 2024.
             The game lasted 00:00:28 (53 turns).

Velcatt the Trooper (Oni Berserker)                   Turns: 53, Time: 00:00:28

Health: 24/24      AC:  3    Str: 20    XL:     1   Next: 40%
Magic:  1/1        EV: 10    Int:  8    God:    Trog [*.....]
Gold:   6          SH:  0    Dex:  8    Spells: 0/0 levels left

rFire   . . .        a - +0 mace
rCold   . . .        (no shield)
rNeg    . . .        b - +0 animal skin
rPois   .            (helmet restricted)
rElec   .            (no cloak)
rCorr   .            (gloves unavailable)
SInv    .            (boots unavailable)
Will    .....        (no amulet)
Stlth   +            (no ring)
HPRegen 0.24/turn    (no ring)
MPRegen 0.07/turn

%: no passive effects
@: no status effects
A: large, unfitting armour, tough skin 1, double potion healing, drunken
brawling
a: Renounce Religion, Berserk


You were on level 1 of the Dungeon.
You worshipped Trog.
Trog was aware of your devotion.
You visited 1 branch of the dungeon, and saw 1 of its levels.

You collected 6 gold pieces.

Inventory:

Hand Weapons
 a - a +0 mace (weapon)
Armour
 b - a +0 animal skin (worn)


   Skills:
 + Level 4.1 Fighting
 + Level 3.0 Maces & Flails
 + Level 2.7 Dodging


You couldn't memorise any spells.
You didn't know any spells.
Your spell library was empty.

Dungeon Overview and Level Annotations

Branches:
Dungeon (1/15)

Altars:


Innate Abilities, Weirdness & Mutations

You are too large for most types of armour.
You have tough skin. (AC +1)
You gain doubled healing and magic from potions.
Whenever you drink a healing potion, you attack all around you.


Message History

Welcome, Velcatt the Ogre Berserker.
Will you prevail where others failed? Will you find the Orb of Zot?
Trog says: Kill them all!
Press ? for a list of commands and other information.
Found 12 gold pieces.
Found a staircase leading out of the dungeon.
Found a glowing white potion.
A giant cockroach comes into view.
The giant cockroach misses you.
You hit the giant cockroach but do no damage.
The giant cockroach bites you but does no damage.
The giant cockroach bites you.
You barely miss the giant cockroach. The giant cockroach barely misses you.
You barely miss the giant cockroach. The giant cockroach closely misses you.
The giant cockroach barely misses you.
You sock the giant cockroach!
You kill the giant cockroach!
Trog accepts your kill.
Found 7 stones.
A giant cockroach comes into view.
You hit the giant cockroach.
The giant cockroach is severely wounded.
The giant cockroach barely misses you.
You hit the giant cockroach.
You kill the giant cockroach!
Trog accepts your kill.
Found a stone staircase leading down.
Found an innocuous book.
Found 6 gold pieces.
You now have 6 gold pieces.
Unknown species choice: Ogre Your Maces & Flails skill increases to level 3!
Welcome back, Velcatt the Oni Berserker.
Trog says: Kill them all!
Press ? for a list of commands and other information.
Are you sure you want to abandon this character and quit the game? (Confirm with "yes".)

#. .#. .. ..# #..#.##
## #..#..# #.# ##
#..#..##.# ...
#.....#.#
##.####..#...# .#
............## #.##.#
...........@# ##...#.#
......>.....###......#
#...................#
#.####..#..##.......#
#.......(#........#
.....##..............#
..:........##.......##
.#.####..#........#.#
.. .....#####.####


There were no monsters in sight!

Vanquished Creatures
  2 giant cockroaches (D:1)
2 creatures vanquished.

Notes
Turn   | Place    | Note
-------+----------+-------------------------------------------
     0 | D:1      | Velcatt the Ogre Berserker began the quest for the Orb.
     0 | D:1      | Reached XP level 1. HP: 24/24 MP: 1/1
    53 | D:1      | Upgraded the game from 0.31-a0-819-gf6de2f5ab6 to
                  | 0.32-a0-160-g465344b4ef
    53 | D:1      | Quit the game

Illustrated notes

Levels and vault maps discovered:
D:1:      dpeg_arrival_arbitrary_b, layout_loops_ring, hex_large

Skill      XL: |  1 |
---------------+----+-----
Maces & Flails | 3 |  3.0
Fighting       | |  4.1
Dodging        | |  2.7

Action                     || total
---------------------------++-------
  Melee: Mace              ||     6
 Armour: Animal skin       ||     2
  Dodge: Dodged            ||     5

Table legend: (Time is in decaauts)
 A = Elapsed time spent in this place.
 B = Non-inter-level travel time spent in this place.
 C = Inter-level travel time spent in this place.
 D = Time resting spent in this place.
 E = Time spent auto-exploring this place.
 F = Levels seen in this place.
 G = Mean time per level.
                   A        B        C        D        E       F      G
               +--------+--------+--------+--------+--------+-----+--------+
         Total |     54 |     54 |      0 |      0 |      0 |   1 |   54.0 |
       Dungeon |     54 |     54 |      0 |      0 |      0 |   1 |   54.0 |
               +--------+--------+--------+--------+--------+-----+--------+

Top non-repeatable levels by time:
     D:1: 54 daAuts
